AoeStats
← 暴怒

MegaRandom

510467067Analyzed
3v3 RM · 20h ago on Oct 1, 2026· 30m 40s· 6 players
Game mode
Random Map
Map size
Normal (6 player)
Population
200
Speed
Normal
Resources
Standard
Victory
Conquest
Starting age
Dark Age
Ending age
Imperial Age
RankedLock teamsTeams togetherTeam positionsShared explorationLock speedFull tech treeHidden civsTurbo modeCheats
Victory
Defeat
🇦🇷 Persians · Argentina
789
+40
🇦🇷 Hindustanis · Argentina
789
+40
🇦🇷 Burmese · Argentina
789
+40
🇨🇳 Bulgarians · China
804
-16
🇨🇳 Goths · China
803
-17
🇨🇳 Khmer · China
767
-15
jsu
9:01 Loom
10:46 Feudal Age
12:06 Double-Bit Axe
12:02 Horse Collar
18:11 Forging
18:05 Fishing Lines
19:35 Scale Barding Armor
21:47 Wheelbarrow
22:43 Gold Mining
25:48 Castle Age
24:59 Bloodlines
25:59 Stone Mining
25:56 Light Cavalry
26:37 Husbandry
26:52 Bow Saw
26:43 Heavy Plow
27:51 Chain Barding Armor
28:07 Iron Casting
27:30 Pikeman
28:26 Gillnets
30:49 Hand Cart
30:36 Elite Skirmisher
Alphonse
13:34 Feudal Age
14:18 Man-at-Arms
15:58 Gold Mining
21:38 Stone Mining
22:31 Bloodlines
25:13 Loom
32:14 Castle Age
Cacho12346098
11:32 Feudal Age
13:28 Double-Bit Axe
14:12 Loom
14:39 Horse Collar
16:07 Scale Barding Armor
16:15 Forging
22:47 Castle Age
23:59 Wheelbarrow
25:42 Heavy Plow
25:34 Gold Mining
25:34 Stone Mining
25:56 Bow Saw
你们采9朵莲
12:53 Feudal Age
15:00 Double-Bit Axe
15:10 Horse Collar
19:07 Loom
21:51 Gold Mining
25:27 Castle Age
24:29 Fletching
25:00 Stone Mining
29:35 Crossbowman
30:19 Padded Archer Armor
30:37 Bow Saw
31:01 Arson
暴怒
12:19 Feudal Age
12:47 Double-Bit Axe
12:50 Horse Collar
13:52 Wheelbarrow
20:41 Castle Age
20:21 Gold Mining
22:27 Gold Shaft Mining
26:17 Husbandry
26:28 Bloodlines
27:59 Hand Cart
28:22 Bow Saw
28:34 Heavy Plow
Assassin
10:33 Loom
12:19 Feudal Age
13:59 Wheelbarrow
16:16 Horse Collar
21:48 Castle Age
20:29 Double-Bit Axe
20:42 Gold Mining
24:39 Hand Cart
24:37 Bow Saw
25:10 Stone Mining
27:24 Heavy Plow
Connection lost

Rejoining the realm…

Still unreachable

The connection could not be restored.

Session expired

The server has moved on; the page needs a fresh start.